 Dungeon Crawl Stone Soup version 0.23.0-3-gf3c87f2 (webtiles) character file.

Game seed: 18283960600407238677

112 Paps the Sneak (level 4, -3/30 HPs)
             Began as a Vampire Enchanter on Feb 23, 2019.
             Killed from afar by an orc wizard (4 damage)
             ... with a magic dart
             ... on level 3 of the Dungeon.
             The game lasted 00:04:11 (2010 turns).

Paps the Sneak (Vampire Enchanter)                  Turns: 2010, Time: 00:04:12

Health: -3/30      AC:  5    Str:  8    XL:     4   Next: 64%
Magic:  1/7        EV: 13    Int: 17    God:
Gold:   137        SH:  0    Dex: 14    Spells: 1/7 levels left

rFire    . . .     SeeInvis +   a - +4 dagger
rCold    + + .     Gourm    .   (no shield)
rNeg     + + +     Faith    .   b - +0 robe
rPois    ∞         Spirit   .   u - +0 helmet
rElec    .         Reflect  .   m - +0 cloak
rCorr    .         Harm     .   (no gloves)
MR       .....                  h - +0 pair of boots (curse)
Stlth    ++++++....             (no amulet)
HPRegen  0.00/turn              (no ring)
MPRegen  0.10/turn              (no ring)

@: very slightly contaminated, bloodless, non-regenerating, slowed, very slow
A: rotting body, fangs 3, see invisible, unbreathing
a: Bat Form


You were on level 3 of the Dungeon.
You were bloodless.

You visited 1 branch of the dungeon, and saw 3 of its levels.

You collected 137 gold pieces.

Inventory:

Hand Weapons
 a - a +4 dagger (weapon)
Armour
 b - a +0 robe (worn)
 h - a cursed +0 pair of boots (worn)
 m - a +0 cloak (worn)
 u - a +0 helmet (worn)
Jewellery
 s - an uncursed ring of magical power {unknown}
Scrolls
 j - 2 scrolls of remove curse {unknown}
 k - a scroll of immolation {unknown}
 l - a scroll of enchant weapon {unknown}
 n - a scroll of teleportation {unknown}
 p - a scroll of identify {unknown}
 t - a scroll of fear {unknown}
Potions
 c - a potion of mutation {unknown}
 d - 7 potions of blood
 e - a potion of degeneration {unknown}
 f - 2 potions of ambrosia {unknown}
 g - 2 potions of curing {unknown}
 i - a potion of haste {unknown}
 o - a potion of heal wounds {unknown}
 q - a potion of might {unknown}
 r - a potion of flight {unknown}


   Skills:
 + Level 1.1 Short Blades
 + Level 2.4 Dodging
 * Level 7.3 Stealth
 + Level 2.2 Spellcasting
 * Level 5.3 Hexes


You had one spell level left.
You knew the following spells:

 Your Spells              Type           Power        Failure   Level  Hunger
a - Corona                Hex            ###....      1%          1    #......
b - Ensorcelled Hibernat  Hex/Ice        ##....       10%         2    ###....
c - Confuse               Hex            ###.....     6%          3    ###....

Your spell library contained the following spells:

 Spells                   Type           Power        Failure   Level  Hunger
 Tukima's Dance           Hex            ###.....     6%          3    ###....
 Dazzling Spray           Conj/Hex       ##....       19%         3    ###....


Dungeon Overview and Level Annotations

Branches:
Dungeon (3/15)

Altars:


Innate Abilities, Weirdness & Mutations

Your body is rotting away.
You thrive on raw meat.
You do not heal naturally.
You are immune to poison.
You have razor-sharp teeth.
You have supernaturally acute eyesight. (SInv)
You can survive without breathing.


Message History

You open the door.
The orc wizard points at you and mumbles some strange words.
You feel yourself slow down.
The orc wizard points at you and mumbles some strange words.
The magic dart hits you.
* * * LOW HITPOINT WARNING * * *
The orc priest looks satisfied for a moment.
The bat barely misses you.
There is an open door here.
The bat misses you.
Casting: Ensorcelled Hibernation (safe; 10% risk of failure)
Confirm with . or Enter, or press ? or * to list all spells.
Aiming: Ensorcelled Hibernation (safe; 10% risk of failure)
Press: ? - help, Shift-Dir - straight line, f/p - orc priest
Aim: an orc priest, wielding a +0 short sword (chance to defeat MR: 42%)
The orc wizard resists with some effort.
The orc wizard hits you but does no damage.
The orc wizard points at you and mumbles some strange words.
The magic dart hits you.
You die...

#.#l#.#.#.# ##.##
..#.§.....# #.#
...###.#.### #.#
###.###.#+## #.#
...........## ##.##
###.###...l.##
###...# ##.....oo##
##.##.##
#.........####...#.#
+........bo@.......##
#.........####......#
##.......## #..##.##
##.....## #.#####
##...## #.# ##+## #.#
#.# #.# #.# #.# ##.##
#.#


You could see an orc priest, an orc wizard, an orc, a bat and a frilled lizard.

Vanquished Creatures
  An orc wizard (D:3)
  4 adders
  A worm (D:2)
  3 dart slugs
  An orc (D:3)
  7 bats
  3 giant cockroaches (D:2)
  4 goblins
  4 hobgoblins
  A frilled lizard (D:1)
  2 kobolds
  9 rats
40 creatures vanquished.

Notes
Turn   | Place    | Note
-------+----------+-------------------------------------------
     0 | D:1      | Paps the Vampire Enchanter began the quest for the Orb.
     0 | D:1      | Reached XP level 1. HP: 13/13 MP: 3/3
   715 | D:2      | Reached skill level 5 in Stealth
   715 | D:2      | Reached XP level 2. HP: 19/19 MP: 5/5
   722 | D:2      | Learned a level 2 spell: Ensorcelled Hibernation
   805 | D:2      | Reached skill level 5 in Hexes
   805 | D:2      | Reached XP level 3. HP: 23/24 MP: 0/6
   810 | D:2      | Learned a level 3 spell: Confuse
  1080 | D:2      | Reached skill level 6 in Stealth
  1554 | D:3      | Reached XP level 4. HP: 27/30 MP: 1/7
  1986 | D:3      | Reached skill level 7 in Stealth
  2008 | D:3      | HP: 1/30 [orc wizard/magic dart (3)]
  2010 | D:3      | Killed from afar by an orc wizard

Skill      XL: |  1  2  3  4 |
---------------+-------------+-----
Stealth        | 5 6 7 |  7.3
Hexes          | 5 |  5.3
Short Blades   | |  1.1
Dodging        | |  2.4
Spellcasting   | |  2.2

Action                   |  1- 3 |  4- 6 || total
-------------------------+-------+-------++-------
Melee: Dagger            |    57 |    13 ||    70
       Bite              |     1 |       ||     1
 Cast: Ensorcelled Hiber |    17 |     2 ||    19
 Stab: Sleeping          |    22 |     6 ||    28
Armor: Robe              |    14 |     9 ||    23
Dodge: Dodged            |    24 |     8 ||    32
